Map: Ulrena

Players

BURkhard - Winner!

  • Race: Protoss Protoss
  • League: Silver

capac

  • Race: Terran Terran
  • League: Gold

VOD

Have the link to the VOD?

Description

Time

  • Played on: Feb. 21, 2016, 11:49 a.m.
  • Length: 10:06
Show
View Real Time Build Order
Export as new Build Order

BURkhard Protoss - Winner!

Build Orders: Nexus First 

Get SALT Encoding   

  12  0:01  Probe (Chrono Boost)  
  13  0:11  Probe (Chrono Boost)  
  14  0:22  Pylon  
  14  0:29  Probe (Chrono Boost)  
  15  0:57  Nexus  
  15  1:01  Probe (Chrono Boost)  
  16  1:15  Probe (Chrono Boost)  
  16  1:17  Pylon  
  18  1:25  Probe (Chrono Boost)  
  18  1:27  Forge  
  18  1:41  Probe (Chrono Boost)  
  19  1:52  Probe (Chrono Boost)  
  20  2:00  Photon Cannon  
  20  2:02  Probe (Chrono Boost)  
  20  2:08  Photon Cannon  
  21  2:10  Probe (Chrono Boost)  
  21  2:13  Probe (Chrono Boost)  
  23  2:20  Pylon  
  23  2:24  Probe (Chrono Boost)  
  23  2:26  Probe (Chrono Boost)  
  25  2:34  Probe (Chrono Boost)  
  25  2:36  Probe (Chrono Boost)  
  27  2:45  Probe (Chrono Boost)  
  27  2:46  Photon Cannon  
  27  2:47  Probe (Chrono Boost)  
  29  2:55  Probe (Chrono Boost)  
  29  2:57  Probe (Chrono Boost)  
  31  3:06  Probe (Chrono Boost)  
  31  3:08  Probe (Chrono Boost)  
  33  3:16  Probe (Chrono Boost), Assimilator  
  33  3:19  Probe (Chrono Boost)  
  35  3:20  Assimilator  
  35  3:24  Pylon  
  36  3:27  Probe (Chrono Boost)  
  36  3:29  Probe (Chrono Boost)  
  36  3:32  Gateway  
  37  3:37  Probe (Chrono Boost)  
  37  3:38  Pylon  
  37  3:39  Assimilator  
  37  3:40  Probe (Chrono Boost)  
  39  3:42  Assimilator  
  39  3:46  Photon Cannon  
  39  3:48  Probe (Chrono Boost)  
  40  3:58  Probe (Chrono Boost)  
  40  3:59  Photon Cannon  
  40  4:00  Probe (Chrono Boost)  
  42  4:09  Probe (Chrono Boost)  
  43  4:11  Probe (Chrono Boost)  
  43  4:13  Photon Cannon  
  43  4:16  Pylon  
  44  4:22  Probe (Chrono Boost)  
  45  4:25  Cybernetics Core  
  45  4:32  Probe (Chrono Boost)  
  45  4:36  Pylon  
  46  4:38  Pylon  
  46  4:42  Pylon  
  46  4:43  Probe (Chrono Boost)  
  46  4:44  Pylon  
  47  4:47  Pylon  
  47  4:53  Nexus  
  47  4:56  Assimilator  
  47  4:59  Assimilator  
  47  5:01  Probe (Chrono Boost)  
  47  5:03  Probe (Chrono Boost)  
  49  5:10  Stargate  
  49  5:11  Stargate, Probe (Chrono Boost)  
  49  5:13  Probe (Chrono Boost)  
  51  5:14  Stargate  
  51  5:16  Stargate  
  51  5:22  Probe (Chrono Boost)  
  51  5:24  Probe (Chrono Boost)  
  53  5:32  Probe (Chrono Boost)  
  53  5:33  Probe (Chrono Boost), Protoss Air Weapons Level 1 (Chrono Boost)  
  53  5:35  Protoss Shields Level 1 (Chrono Boost)  
  55  5:43  Probe  
  55  5:44  Probe  
  57  5:54  Probe  
  57  5:56  Probe  
  59  6:04  Probe  
  59  6:08  Probe  
  61  6:16  Probe  
  62  6:20  Probe  
  63  6:28  Probe  
  63  6:31  Void Ray x3 (Chrono Boost)  
  80  6:33  Probe  
  80  6:35  Void Ray (Chrono Boost)  
  81  6:45  Probe  
  82  6:56  Pylon  
  82  6:57  Pylon  
  82  6:58  Pylon  
  82  7:00  Pylon x2  
  82  7:01  Pylon  
  82  7:07  Void Ray (Chrono Boost)  
  82  7:10  Void Ray x2 (Chrono Boost)  
  82  7:14  Void Ray (Chrono Boost)  
  82  7:15  Protoss Ground Weapons Level 1 (Chrono Boost)  
  98  7:16  Protoss Air Armor Level 1 (Chrono Boost)  
  98  7:42  Void Ray  
  98  7:45  Nexus  
  98  7:48  Assimilator  
  98  7:49  Assimilator  
  102  7:51  Nexus  
  102  7:53  Void Ray x2 (Chrono Boost), Assimilator  
  102  7:57  Assimilator  
  110  8:19  Void Ray (Chrono Boost)  
  114  8:21  Void Ray (Chrono Boost)  
  118  8:35  Twilight Council, Void Ray x2 (Chrono Boost)  
  115  9:00  Void Ray (Chrono Boost)  
  119  9:04  Void Ray (Chrono Boost)  
  119  9:06  Probe  
  128  9:17  Void Ray (Chrono Boost)  
  128  9:18  Probe  
  128  9:23  Probe  
  130  9:30  Probe  
  131  9:35  Probe  
  132  9:42  Probe  
  133  9:47  Probe  
  146  9:54  Probe  
Show
View Real Time Build Order
Export as new Build Order

capac Terran 

Build Orders: MMM Bio 

Get SALT Encoding   

  12  0:00  SCV  
  13  0:13  SCV  
  14  0:19  Supply Depot  
  14  0:26  SCV  
  15  0:40  SCV  
  16  0:43  Barracks  
  16  0:51  Refinery  
  16  0:52  SCV  
  17  1:04  SCV  
  18  1:17  SCV  
  19  1:29  SCV  
  20  1:38  Command Center  
  20  1:43  SCV  
  20  1:45  Barracks Reactor  
  21  1:55  SCV  
  22  2:12  Orbital Command  
  22  2:14  Supply Depot  
  22  2:22  Marine  
  23  2:31  Factory  
  23  2:35  Marine  
  24  2:40  Marine  
  25  2:52  Barracks  
  25  2:53  Marine  
  25  2:58  Marine  
  26  3:10  Marine  
  27  3:15  Factory Tech Lab  
  27  3:26  Orbital Command  
  27  3:29  Refinery  
  27  3:31  Marine x2  
  27  3:32  Engineering Bay  
  29  3:41  Siege Tank  
  29  3:42  Orbital Command  
  32  3:52  Barracks Tech Lab  
  32  4:13  Terran Infantry Weapons Level 1  
  32  4:22  Marine x2  
  34  4:26  Bunker  
  34  4:43  Marine x2  
  34  4:44  Siege Tank  
  39  4:51  Orbital Command  
  39  4:59  SCV  
  40  5:22  Starport  
  40  5:23  Marine x3  
  40  5:25  SCV  
  40  5:27  SCV  
  45  5:37  SCV  
  46  5:46  Barracks  
  46  5:47  Stimpack  
  46  5:49  Barracks  
  46  5:55  Supply Depot  
  46  5:58  Supply Depot  
  46  6:16  SCV x2  
  48  6:19  Marine x3  
  48  6:23  Starport Reactor  
  48  6:24  Siege Tank  
  54  6:28  Refinery, SCV x2  
  54  6:32  Supply Depot  
  56  6:36  Refinery  
  56  6:38  Barracks Reactor  
  56  6:40  Barracks Reactor  
  56  6:42  SCV  
  56  6:43  SCV  
  58  6:54  SCV  
  58  6:55  SCV  
  60  7:02  Supply Depot  
  60  7:06  Engineering Bay  
  60  7:07  SCV x2, Medivac  
  60  7:08  Medivac  
  66  7:21  Terran Infantry Armor Level 1  
  66  7:23  SCV x2  
  68  7:35  Armory  
  68  7:37  Medivac  
  68  7:41  Medivac  
  72  7:46  Marine x5  
  72  7:47  Marine  
  78  7:51  Combat Shields  
  78  7:54  Supply Depot  
  78  7:59  Marine  
  78  8:03  Siege Tank  
  82  8:25  SCV x2  
  84  8:29  Supply Depot  
  84  8:37  SCV x2  
  86  8:44  Liberator  
  65  9:05  Marine x4  
  65  9:06  Marine x3  
  72  9:17  Missile Turret  
  72  9:21  Missile Turret  
  72  9:23  Marine x2, SCV x2, Missile Turret  
  72  9:38  Supply Depot, Starport  
Tags
 
Composition
MMM Bio
Matchup
PvT
Add a new tag
Caveats
  • Supply blocks, unpowered buildings, or Contaminate may cause inaccurate times.
  • Supply counts are checked every 10 seconds.